 Dungeon Crawl Stone Soup version 0.29-a0-231-g945431f764 (webtiles) character file.

Game seed: 5345247015835185201

93 HotDog the Poker (level 4, -1/37 HPs)
             Began as a Merfolk Fighter on Mar 1, 2022.
             Succumbed to an orc wizard's poison
             ... on level 3 of the Dungeon.
             The game lasted 00:02:39 (2820 turns).

HotDog the Poker (Merfolk Fighter)                  Turns: 2820, Time: 00:02:39

Health: -1/37      AC:  8    Str: 18    XL:     4   Next: 61%
Magic:  4/4        EV:  9    Int:  7    God:
Gold:   175        SH:  4    Dex: 13    Spells: 3/3 levels left

rFire   . . .      SeeInvis .   a - +0 trident
rCold   . . .      Faith    .   c - +0 buckler
rNeg    . . .      Spirit   .   b - +0 scale mail
rPois   .          Reflect  .   f - +0 helmet
rElec   .          Harm     .   (no cloak)
rCorr   .          Rampage  .   r - +0 pair of gloves
Will    .....                   (no boots)
Stlth   ..........              (no amulet)
HPRegen 0.12/turn               (no ring)
MPRegen 0.09/turn               (no ring)

@: lethally poisoned (-1 -> -21)
A: (nimble swimmer 2), mertail
a: no special abilities


You were on level 3 of the Dungeon.
You visited 1 branch of the dungeon, and saw 3 of its levels.

You collected 175 gold pieces.

Inventory:

Hand Weapons
 a - a +0 trident (weapon)
Missiles
 s - a throwing net (quivered)
Armour
 b - a +0 scale mail (worn)
 c - a +0 buckler (worn)
 f - a +0 helmet (worn)
 r - a +0 pair of gloves (worn)
Jewellery
 i - a +4 ring of evasion
Scrolls
 j - a scroll of immolation
 l - 2 scrolls of silence {unknown}
 m - a scroll of summoning {unknown}
 n - a scroll of blinking {unknown}
 o - a scroll of fear {unknown}
 p - 2 scrolls of identify {unknown}
 t - a scroll of amnesia {unknown}
Potions
 d - a potion of might
 e - 2 potions of mutation {unknown}
 g - a potion of haste
 h - a potion of flight
 k - 2 potions of lignification {unknown}
 q - a potion of heal wounds {unknown}


   Skills:
 * Level 4.0 Fighting
 * Level 4.2 Polearms
 + Level 2.3 Armour
 * Level 1.4 Dodging
 * Level 0.8 Stealth
 * Level 3.2 Shields
 * Level 1.2 Invocations


You had 3 spell levels left.
You didn't know any spells.
Your spell library was empty.

Dungeon Overview and Level Annotations

Branches:
Dungeon (3/15)

Altars:
Vehumet


Innate Abilities, Weirdness & Mutations

((You are very nimble when in or above water. (Stealth+, EV+, Speed+++)))
Your lower body shifts to a powerful aquatic tail in water.


Message History

No target in view!
No target in view!
No target in view!
No target in view!
No target in view!
Items here: )) [ †.
Something hits you but does no damage.
You are poisoned.
You hit something but do no damage.
You feel sick.
You hear some strange, mumbled words.
A magic dart appears from out of thin air!
The magic dart hits you.
You miss something.
You feel sick.
You hear some strange, mumbled words.
You are confused.
You miss something.
You feel sick. Something hits you but does no damage.
You are more poisoned.
You closely miss something.
You feel sick. Something hits you but does no damage.
You are more poisoned.
Something hits you but does no damage.
You are lethally poisoned!
You completely miss something.
You feel extremely sick. Something hits you but does no damage.
You bump into the rock wall.
You feel very sick. Something completely misses you.
You bump into the rock wall.
You feel very sick. Something hits you.
You are more poisoned.
You bump into the rock wall.
You feel less confused.
* * * LOW HITPOINT WARNING * * *
You feel very sick. Something hits you.
* * * LOW HITPOINT WARNING * * *
You puncture something!
You die...

.........######............#.#
.....{..........####.#####.#.#
###.###.......######.#####.#.#
.##.# #..................#.#.#
.##.# #.......######.###.#.#.#
....# #.......# #.###+#+#'###
....# #.......# #.##........#
....###......#######.##........##
....#.'........{@)...##.........#
....#.#...#..######..##....##...#
....#.#...#..#....#..##....#8...8
....#.#...##.#.##.###########...#
.)..#.#...##.#.##.# ##8###⌠##...#
....#.#...##...##.###...........#
....#.#...##...##.##8...........8
.##.#.######...)..# #...........#
....#.# ##..#### #...##8###8##


There were no monsters in sight!

Vanquished Creatures
  An adder (D:2)
  2 dart slugs
  7 orcs (D:3)
  5 ball pythons
  7 endoplasms
  2 giant cockroaches (D:3)
  A goblin (D:3)
  11 hobgoblins
  4 jackals
  7 kobolds
  3 quokkas
  6 frilled lizards
  11 rats
67 creatures vanquished.

Notes
Turn   | Place    | Note
-------+----------+-------------------------------------------
     0 | D:1      | HotDog the Merfolk Fighter began the quest for the Orb.
     0 | D:1      | Reached XP level 1. HP: 18/18 MP: 1/1
    57 | D:1      | Reached XP level 2. HP: 24/24 MP: 2/2
   377 | D:1      | Reached XP level 3. HP: 29/29 MP: 3/3
   382 | D:1      | Reached skill level 1 in Dodging
   393 | D:1      | Reached skill level 1 in Invocations
   849 | D:2      | Found a radiant altar of Vehumet.
  1308 | D:2      | Found a faded altar of an unknown god.
  1312 | D:2      | Reached XP level 4. HP: 35/37 MP: 4/4
  2820 | D:3      | Succumbed to an orc wizard's poison

Illustrated notes

Levels and vault maps discovered:
D:1:      dpeg_arrival_radiant, layout_rooms
D:2:      layout_loops_corners, hellmonk_ecumenical_altar_inner_sanctum,
          basic_altar
D:3:      cheibrodos_helix_gallery, layout_basic, serial_corexii_hall,
          chequers_hall_statues_wall_a, corexii_hall_statues_s,
          kennysheep_generic_room_15

Skill      XL: |  1  2  3  4 |
---------------+-------------+-----
Polearms       | 3 4 |  4.2
Dodging        | 1 |  1.4
Invocations    | 1 |  1.2
Fighting       | 4 |  4.0
Armour         | |  2.3
Stealth        | |  0.8
Shields        | |  3.2

Action                   |  1- 3 |  4- 6 || total
-------------------------+-------+-------++-------
Melee: Trident           |    99 |    74 ||   173
  Use: Scroll            |     3 |       ||     3
       Potion            |     3 |       ||     3
Armor: Scale mail        |    29 |    31 ||    60
Dodge: Dodged            |    30 |    24 ||    54
Block: Buckler           |    17 |    12 ||    29

Table legend: (Time is in decaauts)
 A = Elapsed time spent in this place.
 B = Non-inter-level travel time spent in this place.
 C = Inter-level travel time spent in this place.
 D = Time resting spent in this place.
 E = Time spent auto-exploring this place.
 F = Levels seen in this place.
 G = Mean time per level.
                   A        B        C        D        E       F      G
               +--------+--------+--------+--------+--------+-----+--------+
         Total |   2830 |   2736 |     94 |    135 |   2186 |   3 |  943.3 |
       Dungeon |   2830 |   2736 |     94 |    135 |   2186 |   3 |  943.3 |
               +--------+--------+--------+--------+--------+-----+--------+

Top non-repeatable levels by time:
     D:2: 1037 daAuts
     D:3: 986 daAuts
     D:1: 807 daAuts
